AoeStats
← TORA

Nomad

503175111Analyzed
4v4 RM · 1mo ago on Aug 30, 2026· 31m 12s· 8 players
Game mode
Random Map
Map size
231×231
Population
200
Speed
Normal
Resources
Standard
Victory
Conquest
Starting age
Dark Age
Ending age
Imperial Age
RankedLock teamsTeams togetherTeam positionsShared explorationLock speedFull tech treeHidden civsTurbo modeCheats
Victory
Defeat
🇨🇳 Huns · China
1666
+9
🇻🇳 Britons · Vietnam
1611
+11
🇸🇮 Inca · Slovenia
1610
+11
🇩🇪 Cumans · Germany
1528
+14
🇧🇷 Teutons · Brazil
1530
-13
🇹🇷 Ethiopians · Türkiye
1520
-12
🇺🇸 Sicilians · United States
1462
-10
🇩🇪 Turks · Germany
1460
-10
AnimeEyes
6:35 Loom
13:03 Feudal Age
13:39 Double-Bit Axe
16:44 Scale Mail Armor
16:54 Forging
17:52 Man-at-Arms
23:24 Fletching
25:14 Wheelbarrow
28:04 Castle Age
27:46 Scale Barding Armor
28:41 Bloodlines
29:31 Chain Barding Armor
28:48 Capped Ram
A spoon full of love
3:53 Loom
14:17 Feudal Age
15:06 Town Watch
17:47 Castle Age
16:14 Double-Bit Axe
17:05 Horse Collar
19:26 Scale Mail Armor
28:10 Chain Mail Armor
28:34 Forging
清远华
4:54 Loom
13:28 Feudal Age
17:36 Castle Age
16:01 Double-Bit Axe
16:34 Fletching
18:47 Bow Saw
22:31 Horse Collar
27:46 Bodkin Arrow
28:46 Padded Archer Armor
28:44 Gold Mining
29:19 Husbandry
29:47 Ballistics
30:41 Wheelbarrow
31:11 Thumb Ring
31:38 Bloodlines
thanh7531
3:31 Loom
14:52 Feudal Age
17:23 Wheelbarrow
19:43 Double-Bit Axe
24:16 Wheelbarrow
28:55 Castle Age
27:49 Fletching
28:00 Padded Archer Armor
28:29 Town Watch
29:52 Bow Saw
30:26 Hand Cart
Baron von Kissalot
5:41 Loom
14:50 Feudal Age
19:00 Castle Age
17:28 Stone Mining
mylove__
4:39 Loom
14:03 Feudal Age
14:44 Double-Bit Axe
19:30 Castle Age
17:49 Fishing Lines
20:59 Medium Warships
21:23 Scale Mail Armor
21:34 Forging
23:13 Chain Mail Armor
23:34 Iron Casting
23:22 Horse Collar
24:37 Squires
25:32 Arson
28:47 Bow Saw
29:11 Heavy Plow
AlDebaran
4:15 Loom
TORA
4:53 Loom
12:58 Feudal Age
17:32 Castle Age
19:58 Wheelbarrow
24:46 Scale Mail Armor
Connection lost

Rejoining the realm…

Still unreachable

The connection could not be restored.

Session expired

The server has moved on; the page needs a fresh start.